 Dungeon Crawl Stone Soup version 0.31-a0-331-geda263fcf1 (webtiles) character file.

Game seed: 12296451161187322111

18 Gelion the Changeling (level 2, -5/14 HPs)
             Began as a Troll Shapeshifter on July 19, 2023.
             Slain by a gnoll
             ... wielding a +2 whip of electrocution
              (6 damage)
             ... on level 2 of the Dungeon.
             The game lasted 00:03:02 (1116 turns).

Gelion the Changeling (Troll Shapeshifter)          Turns: 1116, Time: 00:03:04

Health: -5/14      AC:  9    Str: 27    XL:     2   Next: 48%
Magic:  1/1        EV:  9    Int:  4    God:
Gold:   75         SH:  0    Dex: 10    Spells: 1/1 levels left

rFire   . .          .
                       - Unarmed
rCold   . . .        (shield currently unavailable)
rNeg    . . .        a - melded +0 animal skin
rPois   .            (helmet currently unavailable)
rElec   .            (cloak currently unavailable)
rCorr   .            (gloves unavailable)
SInv    .            (boots unavailable)
Will    .....        (no amulet)
Stlth   +            (no ring)
HPRegen 1.02/turn    (no ring)
MPRegen 0.07/turn

%: no passive effects
@: snake-form
A: constrict, reduced hp, large, unfitting armour, (claws 3), regeneration 1,
(shaggy fur 1), (tough skin 1)
a: Begin Untransformation


You were on level 2 of the Dungeon.
You were an enormous anaconda.
You visited 1 branch of the dungeon, and saw 2 of its levels.

You collected 75 gold pieces.

Inventory:

Armour
 a - a +0 animal skin (melded)
Jewellery
 j - an amulet of faith
 k - an amulet of reflection
Talismans
 c - a beast talisman
 d - a serpent talisman
Scrolls
 f - a scroll of brand weapon {unknown}
Potions
 b - a potion of lignification
 e - a potion of enlightenment {unknown}
 g - a potion of degeneration {unknown}
 h - a potion of curing
 i - a potion of heal wounds {unknown}
 l - a potion of haste {unknown}


   Skills:
 + Level 1.8 Fighting
 - Level 1.5 Dodging
 * Level 2.5 Unarmed Combat
 * Level 3.2 Shapeshifting


You had one spell level left.
You didn't know any spells.
Your spell library contained the following spells:

 Spells                   Type           Power      Damage    Failure   Level
 Poisonous Vapours        Pois/Air       0%         N/A       65%         2
 Mephitic Cloud           Conj/Pois/Air  0%         N/A       86%         3
 Freezing Cloud           Conj/Ice/Air   0%         6-21      100%        5


Dungeon Overview and Level Annotations

Branches:
Dungeon (2/15)

Altars:

Shops:
D:1 ?   D:2 (


Innate Abilities, Weirdness & Mutations

You are an enormous anaconda.
You have a powerful constriction melee attack.
Your maximum health is decreased, since you lack skill for your form.
Your armour is entirely melded.
You are incapable of wielding weapons or throwing items.
You are too large for most types of armour.
((You have claws for hands.))
Your natural rate of healing is unusually fast.
((You are covered in fur. (AC +1)))
((You have tough skin. (AC +1)))


Message History

No target in view!
No target in view!
There is a shaft here.
You open the door.
There is an open door here.
You now have 62 gold pieces (gained 5).
You now have 75 gold pieces (gained 13).
There is an open door here.
A gnoll comes into view. It is wielding a +0 spear.
A gnoll is nearby!
A gnoll comes into view. It is wielding a +1 heavy spear.
The gnoll shouts!
A gnoll comes into view.
It is wielding a +2 whip of electrocution.
A gnoll comes into view. It is wielding a +0 halberd.
The gnoll shouts! x2
The gnoll throws a throwing net.
The throwing net hits you.
You become entangled in the net!
You see here a throwing net.
You are held in a net!
You are held in a net!
You are held in a net!
You struggle against the net.
You struggle against the net.
You struggle against the net.
The gnoll hits you but does no damage. The gnoll barely misses you.
The gnoll hits you from afar with a +0 spear.
You rip the net and break free!
The gnoll barely misses you. The gnoll hits you but does no damage.
The gnoll barely misses you. The gnoll completely misses you.
You closely miss the gnoll. You grab the gnoll. You constrict the gnoll.
The gnoll closely misses you.
The gnoll escapes!
The gnoll throws a throwing net.
The throwing net closely misses you.
You closely miss the gnoll. You grab the gnoll.
The gnoll is moderately wounded.
You constrict the gnoll.
The gnoll hits you from afar with a +0 halberd!
Ouch! That really hurt!
* * * LOW HITPOINT WARNING * * *
The gnoll hits you with a +2 whip of electrocution.
You die...

....# #...#.#.....# #######
...#########...#.#.....####......
###............#.#.....#..+......
...............#.#.....#.##......
##...........###'###.....##......
###..#...##......#.........#####
#####.....##......#.........# #
...........#....g.'.........## ##
..............g.S(#..........# #.
..........#..gg......<#'##...# #.
..............##......#.##...# #.
........(...#+##......+.#...## #.
..#####........#......###...# #.
..# #.....)..#......#.....# ##
..# ######.....######....######
.... #..........+....'..... .....
#.....######....#.....


You could see 4 gnolls.

Vanquished Creatures
  2 endoplasms
  A giant cockroach (D:1)
  5 hobgoblins
  4 bats
  A frilled lizard (D:1)
  2 kobolds
  A rat (D:1)
16 creatures vanquished.

Notes
Turn   | Place    | Note
-------+----------+-------------------------------------------
     0 | D:1      | Gelion the Troll Shapeshifter began the quest for the Orb.
     0 | D:1      | Reached XP level 1. HP: 19/19 MP: 0/0
   385 | D:1      | Reached XP level 2. HP: 14/28 MP: 1/1
   743 | D:1      | Found Vitompiargh's Magic Scroll Shop.
   800 | D:2      | Found Nugurphutt's Weapon Emporium.
  1116 | D:2      | Slain by a gnoll

Illustrated notes

Levels and vault maps discovered:
D:1:      psy_arrival_spokes, layout_loops_ring, serial_shops,
          nicolae_shop_peninsula, serial_glass, glass_columns_a,
          glass_columns_a, serial_bayou_lagoon_b
D:2:      layout_basic, serial_shops, shop, hangedman_decor_clover_reticule

Action                     || total
---------------------------++-------
  Melee: Unarmed           ||    34
         Constrict         ||     4
    Use: Scroll            ||     3
   Stab: Sleeping          ||     1
 Armour: Skin              ||    14
         Animal skin       ||     1
  Dodge: Dodged            ||    17
   Form: Anaconda          ||     1

Table legend: (Time is in decaauts)
 A = Elapsed time spent in this place.
 B = Non-inter-level travel time spent in this place.
 C = Inter-level travel time spent in this place.
 D = Time resting spent in this place.
 E = Time spent auto-exploring this place.
 F = Levels seen in this place.
 G = Mean time per level.
                   A        B        C        D        E       F      G
               +--------+--------+--------+--------+--------+-----+--------+
         Total |   1116 |   1044 |     72 |      0 |    913 |   2 |  558.0 |
       Dungeon |   1116 |   1044 |     72 |      0 |    913 |   2 |  558.0 |
               +--------+--------+--------+--------+--------+-----+--------+

Top non-repeatable levels by time:
     D:1: 792 daAuts
     D:2: 324 daAuts
